 Dungeon Crawl Stone Soup version 0.29-a0-8-g0446c0dae4 (webtiles) character file.

Game seed: 2013893865918535647

126 a3don the Magician (level 5, -1/38 HPs)
             Began as a Djinni Hedge Wizard on Jan 27, 2022.
             Was an Initiate of Hepliaklqana.
             Killed from afar by a dart slug (2 damage)
             ... with a slug dart
             ... on level 3 of the Dungeon.
             The game lasted 00:04:07 (4112 turns).

a3don the Magician (Djinni Hedge Wizard)            Turns: 4112, Time: 00:04:07

Health: -1/38      AC:  2    Str:  9    XL:     5   Next: 32%
Gold:   178        EV: 12    Int: 18    God:    Hepliaklqana [......] SH:  0 Dex: 12

rFire   + + .      SeeInvis .   l - +0 war axe
rCold   x . .      Faith    .   (no shield)
rNeg    . . .      Spirit   .   b - +0 robe
rPois   ∞          Reflect  .   c - +0 hat
rElec   .          Harm     .   (no cloak)
rCorr   .          Rampage  .   (no gloves)
Will    .....                   (boots unavailable)
Stlth   ++........              (no amulet)
HPRegen 0.12/turn               (no ring)
MPRegen 0.00/turn               (no ring)

@: flying
A: sickness immunity, fire resistance 2, cold vulnerability 1, float, innate
caster, hp casting, extra vitality 1
a: Renounce Religion


You were on level 3 of the Dungeon.
You worshipped Hepliaklqana.
Hepliaklqana was noncommittal.
You visited 1 branch of the dungeon, and saw 3 of its levels.

You collected 178 gold pieces.

Inventory:

Hand Weapons
 a - a +0 dagger
 e - a +0 hand axe
 l - a +0 war axe (weapon)
Armour
 b - a +0 robe (worn)
 c - a +0 hat (worn)
Scrolls
 d - a scroll of identify {unknown}
 f - a scroll of fog {unknown}
 g - a scroll of teleportation {unknown}
 j - 2 scrolls of magic mapping {unknown}
 m - a scroll of holy word {unknown}
Potions
 h - a potion of might {unknown}
 i - a potion of heal wounds {unknown}
 k - a potion of degeneration {unknown}


   Skills:
 + Level 2.1 Fighting
 + Level 1.3 Axes
 - Level 2.1 Dodging
 - Level 1.5 Stealth
 * Level 3.6 Spellcasting


You couldn't memorise any spells.
You knew the following spells:

 Your Spells              Type           Power      Damage    Failure   Level
a - Magic Dart            Conj           64%        1d6       3%          1
b - Blink                 Tloc           32%        N/A       5%          2
c - Call Imp              Summ           16%        N/A       5%          2
d - Slow                  Hex            64%        N/A       3%          1
e - Conjure Flame         Conj/Fire      16%        6-21      11%         3
f - Mephitic Cloud        Conj/Pois/Air  16%        N/A       11%         3
g - Beastly Appendage     Tmut           32%        N/A       3%          1
h - Corpse Rot            Necr/Air       32%        N/A       5%          2
Your spell library was empty.

Dungeon Overview and Level Annotations

Branches:
Dungeon (3/15)

Altars:
Hepliaklqana

Annotations:
D:3 3 runed translucent doors, snaxamus's ghost, amateur KoHu


Innate Abilities, Weirdness & Mutations

You are immune to sickness and miasma.
You are immune to poison.
Your flesh is very heat resistant. (rF++)
You are vulnerable to cold. (rC-)
You float through the air rather than walking.
You learn spells naturally, not from books.
Your magical power is your life essence.
You have superior vitality. (+4 MHP)


Message History

The adder bites you.
You closely miss the hound. You headbutt the hound.
The hound is almost dead.
You closely miss the adder. The hound closely misses you.
The adder bites you but does no damage. The hound bites you.
The adder bites you.
You miss the hound. Your headbutt misses the hound.
The hound is almost dead.
You closely miss the adder. The hound closely misses you. The adder bites you.
The hound barely misses you. The adder barely misses you.
The hound bites you but does no damage.
You hit the adder but do no damage. You closely miss the hound.
The adder bites you.
* * * LOW HITPOINT WARNING * * *
The hound barely misses you. The adder barely misses you.
The hound closely misses you.
You slash the adder!
The adder is almost dead.
You closely miss the hound. The hound bites you.
* * * LOW HITPOINT WARNING * * *
The adder closely misses you. The hound bites you.
* * * LOW HITPOINT WARNING * * *
The adder closely misses you.
You hit the adder.
You kill the adder!
You barely miss the hound. The hound bites you.
* * * LOW HITPOINT WARNING * * *
The hound closely misses you.
You closely miss the hound.
The hound is almost dead.
Your horns disappear.
Your +0 hat unmelds from your body.
The hound bites you.
* * * LOW HITPOINT WARNING * * *
The hound barely misses you. The hound bites you but does no damage.
You closely miss the hound.
The hound is almost dead.
The hound closely misses you. The dart slug launches a dart at you.
The slug dart hits you.
You die...

#.# #..# #.##.#
#####.####...## #.##.# .
......##.....# #.##.# ..
............# #.##.##
...##....##..... #.##...
..#...#.. .....# #.##...
#......###)##.#######.##...
#.......Bh....<............
##...#.###@................
#..#.
#.w......#######...... . ..
#.######..# #....(.. ..
..........# #....... ..
#.######..## #..##### # #.#
#...# #..#.... #.# ##..#
#..#..#. #..# #..#.!.#
#.#######..## #..#.!..


You could see a hound, a dart slug and a giant cockroach.

Vanquished Creatures
  4 adders
  2 worms
  2 dart slugs (D:2)
  5 orcs (D:3)
  8 bats
  6 endoplasms
  A giant cockroach (D:2)
  6 goblins
  7 hobgoblins
  4 jackals (D:3)
  2 kobolds (D:1)
  3 quokkas
  4 ball pythons
  6 rats
60 creatures vanquished.

Vanquished Creatures (collateral kills)
  An adder (D:2)
1 creature vanquished.

Vanquished Creatures (others)
  7 plants (D:2)
7 creatures vanquished.

Grand Total: 68 creatures vanquished

Notes
Turn   | Place    | Note
-------+----------+-------------------------------------------
     0 | D:1      | a3don the Djinni Hedge Wizard began the quest for the Orb.
     0 | D:1      | Reached XP level 1. HP: 15/15 MP: 0/0
   211 | D:1      | Reached XP level 2. HP: 3/22 MP: 0/0
   751 | D:1      | Reached skill level 1 in Fighting
  1180 | D:1      | Reached XP level 3. HP: 21/27 MP: 0/0
  1180 | D:1      | Learned a level 1 spell: Beastly Appendage
  1569 | D:2      | Reached skill level 3 in Spellcasting
  2121 | D:2      | Reached XP level 4. HP: 24/32 MP: 0/0
  2209 | D:2      | Found a faded altar of an unknown god.
  2354 | D:2      | Reached skill level 1 in Axes
  2960 | D:2      | Found a hazy altar of Hepliaklqana.
  3048 | D:2      | Became a worshipper of Hepliaklqana the Forgotten
  3439 | D:3      | Reached XP level 5. HP: 29/38 MP: 0/0
  3439 | D:3      | Learned a level 2 spell: Corpse Rot
  3809 | D:3      | Noticed an ice beast
  3813 | D:3      | Found a runed translucent gate.
  3813 | D:3      | Found a runed translucent gate.
  3813 | D:3      | Found a runed translucent gate.
  3814 | D:3      | Noticed snaxamus's ghost (amateur KoHu)
  4111 | D:3      | HP: 1/38 [hound (5)]
  4112 | D:3      | Killed from afar by a dart slug

Illustrated notes

Levels and vault maps discovered:
D:1:      dpeg_arrival_boxorama, layout_basic
D:2:      layout_basic, basic_altar,
          hellmonk_ecumenical_altar_pennies_from_heaven, serial_forest,
          infiniplex_forest_clump_small, infiniplex_forest_straight_3,
          infiniplex_forest_clump_cross, infiniplex_forest_lined_corner,
          infiniplex_forest_clump_cross, infiniplex_forest_lined_room_3,
          infiniplex_forest_straight_2, infiniplex_forest_pool
D:3:      layout_loops_ring, gammafunk_ghost_split, minmay_misc_feat_chi

Skill      XL: |  1  2  3  4  5 |
---------------+----------------+-----
Fighting       | 1 2 |  2.1
Spellcasting   | 3 |  3.6
Axes           | 1 |  1.3
Dodging        | |  2.1
Stealth        | |  1.5

Action                   |  1- 3 |  4- 6 || total
-------------------------+-------+-------++-------
Melee: Dagger            |     1 |       ||     1
       Hand axe          |    36 |    17 ||    53
       Headbutt          |     1 |     6 ||     7
       Punch             |       |     2 ||     2
       War axe           |       |    37 ||    37
 Cast: Magic Dart        |    54 |    61 ||   115
       Beastly Appendage |     5 |     6 ||    11
       Call Imp          |     1 |     1 ||     2
       Mephitic Cloud    |     1 |       ||     1
       Blink             |     1 |       ||     1
 Stab: Sleeping          |       |     1 ||     1
Armor: Robe              |    19 |    13 ||    32
Dodge: Dodged            |    39 |    61 ||   100

Table legend: (Time is in decaauts)
 A = Elapsed time spent in this place.
 B = Non-inter-level travel time spent in this place.
 C = Inter-level travel time spent in this place.
 D = Time resting spent in this place.
 E = Time spent auto-exploring this place.
 F = Levels seen in this place.
 G = Mean time per level.
                   A        B        C        D        E       F      G
               +--------+--------+--------+--------+--------+-----+--------+
         Total |   4140 |   4092 |     48 |    755 |   2897 |   3 | 1380.0 |
       Dungeon |   4140 |   4092 |     48 |    755 |   2897 |   3 | 1380.0 |
               +--------+--------+--------+--------+--------+-----+--------+

Top non-repeatable levels by time:
     D:2: 1850 daAuts
     D:1: 1550 daAuts
     D:3: 740 daAuts
